cohdb
Replays
Latest Replays
All Replays
Popular Replays
Top Player Replays
Match Explorer
How It Works
Community
CoH3 Stats
Reddit
Sign in to upload your games and track your stats! →
Sign in with Steam
Match 42641984
Unlisted
Match 42641984
Overview
Messages
Build Orders
End
Construct Section Command Post
Selects Canadian Shock Battlegroup
Selects Canadian Shock Battlegroup
Dingo Light Scout Car
Infantry Section
Infantry Section
Infantry Section
Construct Platoon Command Post
Selects Attacking Spirit
Humber Armored Car
Humber Armored Car
Royal Engineer Section
Construct Company Command Post
Infantry Section
Selects Canadian Shock Section
Selects Point Assault
Selects Incendiary Munitions
Crusader II Medium Tank
Crusader II Medium Tank
Foot Guards Section
Crusader II Medium Tank
Crusader II Medium Tank
.
KevinTDW
combat0001
YourMom'sPiesSoHotRightNow
0
0
Comments
sign in to comment!
No comments posted yet!